 Dungeon Sprint DCSS version 0.17-a0-1718-g72dbe4d (webtiles) character file.

14800000 ztt the Plane Walker (level 27, -25/273 HPs)
             Began as a Ghoul Warper on Aug 26, 2015.
             Was the Champion of Makhleb.
             Killed by dispel undead
             ... invoked by a wretched soul
              (97 damage)
             ... in the Dungeon (Sprint VIII: "Arena of Blood").
             The game lasted 00:03:59 (148 turns).

ztt the Plane Walker (Ghoul Warper)                  Turns: 148, Time: 00:03:59

Health: -25/273    AC:  6    Str: 28    XL:     27
Magic:  28/53      EV: 21    Int:  8    God:    Makhleb [******]
Gold:   0          SH:  0    Dex:  8    Spells: 2 memorised, 77 levels left

rFire  + . .     SeeInvis +     l - +∞ Axe of Woe
rCold  + . .     Clarity  .     b - +0 leather armour
rNeg   + + +     SustAt   .     (no shield)
rPois  ∞         Gourm    .     (no helmet)
rElec  .         Spirit   .     (no cloak)
rCorr  .         Warding  .     (no gloves)
rMut   .         NoTele   +     (no boots)
MR     ++...                    (no amulet)
Stlth  +++++++++.               n - ring of protection from fire
                                m - ring of see invisible

@: rotting, very resistant to hostile enchantments, incredibly stealthy
A: rotting body, claws 1, carnivore 3, cold resistance 1, negative energy
resistance 3, slow healing 1, torment resistance, unbreathing
a: Minor Destruction, Lesser Servant of Makhleb, Major Destruction, Greater
Servant of Makhleb, Renounce Religion


You were in the Dungeon.
You worshipped Makhleb.
Makhleb was exalted by your worship.
You were not hungry.

You visited 1 branch

Inventory:

Hand weapons
 a - a +0 hand axe
 l - the +∞ Axe of Woe (weapon)
   (You found it in the Dungeon)
Missiles
 e - 5 tomahawks of dispersal (quivered)
Armour
 b - a +0 leather armour (worn)
Jewellery
 m - a ring of see invisible (left claw)
 n - a ring of protection from fire (right claw)
Scrolls
 d - 2 scrolls of blinking
Potions
 g - a potion of curing
 h - a potion of heal wounds
 i - a potion of haste
 j - 2 potions of magic
 k - a potion of berserk rage
Books
 c - a book of Spatial Translocations

   Spells                             Type                      Level
   a - Apportation                    Translocation                1
   b - Blink                          Translocation                2
   c - Shroud of Golubria             Charms/Translocation         2
   d - Portal Projectile              Translocation                3
   e - Teleport Other                 Translocation                3
   f - Passage of Golubria            Translocation                4
Comestibles
 f - a meat ration


   Skills:
 O Level 27 Fighting
 O Level 27 Axes
 O Level 27 Throwing
 O Level 27 Armour
 O Level 27 Dodging
 O Level 27 Stealth
 O Level 27 Unarmed Combat
 O Level 27 Spellcasting
 O Level 27 Translocations
 O Level 27 Invocations


You had 77 spell levels left.
You knew the following spells:

 Your Spells              Type           Power        Failure   Level  Hunger
a - Apportation           Tloc           ######....   0%          1    None
b - Blink                 Tloc           N/A          0%          2    None


Dungeon Overview and Level Annotations

Branches:
Dungeon (1/1)

Altars:
Makhleb


Innate Abilities, Weirdness & Mutations

Your body is rotting away.
You thrive on raw meat.
You are immune to poison.
You have sharp fingernails.
You are carnivorous and can eat meat at any time.
Your flesh is cold resistant.
You are immune to negative energy.
You heal slowly when monsters are visible.
You are immune to unholy pain and torment.
You can survive without breathing.


Message History

Some corpses meld into agglomerations of writhing flesh!
You hear a shout! x2 5 small abominations and a large abomination come into view.
Unknown command.
Unknown command.
Casting: Apportation
Confirm with . or Enter, or press ? or * to list all spells.
You blink.
The meat beast shouts!
An eight-headed meat hydra comes into view.
The eight-headed meat hydra roars!
A great orb of eyes, a hell knight and a phantom come into view.
You hear a shout! x5
The eight-headed meat hydra is engulfed in roaring flames.
The sculptor of flesh hits you with a +9 great sword!!!!!
Ouch! That really hurt!
* * * LOW HITPOINT WARNING * * *
You hear a shout!
You convulse!
You die...

#.X..X# .......#)
#ox.o#....o...#....)))
#§x§x#...DGp........))
#§D..............###.)
#§§§.x.......o.....#%%
#.x..G.........%...#))
#.........#........)))
#......%.#.#.#.....)))
#.)2x@....#.#.......))
#..###z..#.#.#........
#..)§##..W#.#.....#...
#.).)§#...............
#..§§§..##.......##.#.
####.....##......%....
####......####%...#
####............
####......%.%


You could see a meat beast, 2 eight-headed meat hydras, 2 observers, a
fleshlord, a sculptor of flesh, a wretched soul (invisible), 5 small
abominations and 3 bags of meat.

Vanquished Creatures
  A hell knight (D)
  Sigmund (D)
  8 hell beasts (D)
  Edmund (D)
  4 greater mummies (D)
  4 great orbs of eyes (D)
  5 wraiths (D)
  17 vampire knights (D)
  27 ogres (D)
  2 liches (D)
  7 hydras (D)
  54 orcs (D)
  5 phantoms (D)
  10 hill giants (D)
  4 skeletal warriors (D)
  A sea snake (D)
  5 large abominations (D)
  A small abomination (D)
  4 crawling corpses (D)
161 creatures vanquished.

Vanquished Creatures (others)
  A small abomination (D)
  4 crawling corpses (D)
5 creatures vanquished.

Grand Total: 166 creatures vanquished

Notes
Turn   | Place    | Note
--------------------------------------------------------------
     0 | D        | ztt the Ghoul Warper began the quest for the Orb.
     0 | D        | Reached XP level 1. HP: 17/17 MP: 2/2
     4 | D        | Noticed a bag of meat
     4 | D        | Became a worshipper of Makhleb the Destroyer
     6 | D        | Noticed a bag of meat
     7 | D        | Noticed a bag of meat
     9 | D        | Killed a bag of meat
     9 | D        | Reached skill level 11 in Fighting
     9 | D        | Reached skill level 10 in Spellcasting
     9 | D        | Reached skill level 17 in Translocations
     9 | D        | Reached XP level 2. HP: 20/40 MP: 2/12
     9 | D        | Reached XP level 3. HP: 23/47 MP: 2/13
     9 | D        | Reached XP level 4. HP: 26/55 MP: 2/15
     9 | D        | Reached XP level 5. HP: 28/60 MP: 2/16
     9 | D        | Reached XP level 6. HP: 31/68 MP: 2/18
     9 | D        | Reached XP level 7. HP: 33/74 MP: 2/19
     9 | D        | Reached XP level 8. HP: 36/82 MP: 2/21
     9 | D        | Reached XP level 9. HP: 39/89 MP: 2/22
     9 | D        | Reached XP level 10. HP: 41/95 MP: 2/23
     9 | D        | Reached XP level 11. HP: 44/102 MP: 2/24
     9 | D        | Reached XP level 12. HP: 47/110 MP: 2/25
    10 | D        | Killed a bag of meat
    10 | D        | Acquired Makhleb's first power
    10 | D        | Reached skill level 10 in Dodging
    10 | D        | Reached skill level 20 in Translocations
    10 | D        | Reached XP level 13. HP: 49/119 MP: 2/27
    11 | D        | Noticed a meat berserker
    11 | D        | Noticed a bag of meat
    12 | D        | Killed a bag of meat
    12 | D        | Reached skill level 21 in Translocations
    12 | D        | Reached XP level 14. HP: 52/132 MP: 2/29
    13 | D        | Noticed a bag of meat
    13 | D        | Noticed a bag of meat
    13 | D        | Noticed a meat berserker
    14 | D        | Killed a meat berserker
    14 | D        | Acquired Makhleb's second power
    14 | D        | Reached skill level 5 in Throwing
    14 | D        | Reached skill level 24 in Translocations
    14 | D        | Reached XP level 15. HP: 55/144 MP: 3/32
    15 | D        | Killed a meat berserker
    15 | D        | Reached skill level 15 in Axes
    15 | D        | Reached skill level 15 in Spellcasting
    15 | D        | Reached skill level 26 in Translocations
    15 | D        | Reached XP level 16. HP: 114/157 MP: 3/34
    16 | D        | Noticed a bag of meat
    17 | D        | Noticed a bag of meat
    17 | D        | Noticed a bag of meat
    17 | D        | Noticed a bag of meat
    18 | D        | Killed a bag of meat
    18 | D        | Acquired Makhleb's third power
    18 | D        | Reached skill level 27 in Translocations
    18 | D        | Killed a bag of meat
    18 | D        | Reached skill level 5 in Armour
    18 | D        | Reached skill level 15 in Dodging
    19 | D        | Noticed a bag of meat
    19 | D        | Noticed a bag of meat
    19 | D        | Noticed a bag of meat
    19 | D        | Noticed a bag of meat
    19 | D        | Noticed a meat berserker
    19 | D        | Killed a bag of meat
    19 | D        | Reached XP level 17. HP: 167/173 MP: 4/37
    20 | D        | Killed a bag of meat
    20 | D        | Acquired Makhleb's fourth power
    21 | D        | Noticed a bag of meat
    21 | D        | Killed a bag of meat
    22 | D        | Killed a bag of meat
    22 | D        | Reached XP level 18. HP: 187/190 MP: 5/40
    23 | D        | Killed a meat berserker
    23 | D        | Acquired Makhleb's fifth power
    23 | D        | Killed a bag of meat
    24 | D        | Killed a bag of meat
    24 | D        | Reached skill level 10 in Throwing
    24 | D        | Reached XP level 19. HP: 202/206 MP: 6/43
    24 | D        | Killed a bag of meat
    24 | D        | Reached skill level 27 in Fighting
    25 | D        | Noticed a large bag of meat
    25 | D        | Killed a bag of meat
    25 | D        | Reached skill level 10 in Armour
    26 | D        | Noticed a destroyer
    26 | D        | Noticed a meat berserker
    27 | D        | Noticed a bag of meat
    27 | D        | Noticed a bag of meat
    28 | D        | Noticed a destroyer
    28 | D        | Noticed a destroyer
    28 | D        | Killed a bag of meat
    28 | D        | Reached skill level 27 in Axes
    29 | D        | Killed a destroyer
    29 | D        | Reached XP level 20. HP: 216/216 MP: 7/48
    30 | D        | Noticed a destroyer
    30 | D        | Noticed a meat berserker
    30 | D        | Noticed an eight-headed meat hydra
    31 | D        | Noticed a sculptor of flesh
    31 | D        | Killed a destroyer
    31 | D        | Reached skill level 15 in Armour
    31 | D        | Reached skill level 27 in Dodging
    31 | D        | Reached skill level 27 in Spellcasting
    31 | D        | Killed a meat berserker
    31 | D        | Reached XP level 21. HP: 154/224 MP: 7/51
    32 | D        | Noticed a large bag of meat
    32 | D        | Noticed an eight-headed meat hydra
    32 | D        | Noticed a large bag of meat
    33 | D        | Noticed a destroyer
    33 | D        | Killed a large bag of meat
    34 | D        | Killed a sculptor of flesh
    34 | D        | Killed a bag of meat
    35 | D        | Noticed a destroyer
    36 | D        | Noticed a meat berserker
    36 | D        | Noticed a sculptor of flesh
    37 | D        | Killed a nine-headed meat hydra
    37 | D        | Reached XP level 22. HP: 212/233 MP: 9/52
    37 | D        | Killed a large bag of meat
    37 | D        | Reached skill level 27 in Armour
    37 | D        | Killed a meat berserker
    37 | D        | Reached skill level 27 in Throwing
    38 | D        | Noticed a meat berserker
    38 | D        | Noticed a meat berserker
    39 | D        | Noticed a bag of meat
    39 | D        | Noticed a large bag of meat
    39 | D        | Noticed a destroyer
    39 | D        | Noticed a meat berserker
    39 | D        | Noticed a destroyer
    40 | D        | Noticed a bag of meat
    40 | D        | Noticed a meat berserker
    40 | D        | Noticed a destroyer
    40 | D        | Killed a bag of meat
    40 | D        | Reached skill level 10 in Stealth
    40 | D        | Killed a destroyer
    40 | D        | Reached XP level 23. HP: 192/240 MP: 10/53
    40 | D        | Killed a destroyer
    41 | D        | Noticed an eight-headed meat hydra
    41 | D        | Noticed a destroyer
    41 | D        | Killed a meat berserker
    42 | D        | Noticed a bag of meat
    42 | D        | Noticed a bag of meat
    42 | D        | Noticed a sculptor of flesh
    42 | D        | Noticed a bag of meat
    42 | D        | Killed a meat berserker
    42 | D        | Reached skill level 27 in Stealth
    42 | D        | Reached XP level 24. HP: 249/249 MP: 10/53
    43 | D        | Noticed a bag of meat
    43 | D        | Noticed a destroyer
    43 | D        | Killed a bag of meat
    43 | D        | Reached skill level 27 in Unarmed Combat
    43 | D        | Reached skill level 27 in Invocations
    43 | D        | Killed a meat berserker
    43 | D        | Killed a sculptor of flesh
    43 | D        | Killed a destroyer
    43 | D        | Reached XP level 25. HP: 257/257 MP: 11/53
    44 | D        | Noticed a bag of meat
    44 | D        | Killed a nine-headed meat hydra
    44 | D        | Killed a meat berserker
    44 | D        | Killed a destroyer
    45 | D        | Noticed a bag of meat
    45 | D        | Noticed a bag of meat
    45 | D        | Killed a destroyer
    45 | D        | Reached XP level 26. HP: 266/266 MP: 11/53
    45 | D        | Killed a destroyer
    45 | D        | Killed a destroyer
    46 | D        | Noticed a bag of meat
    46 | D        | Noticed a bag of meat
    46 | D        | Noticed a destroyer
    47 | D        | Noticed a meat berserker
    47 | D        | Killed a large bag of meat
    48 | D        | Noticed a meat berserker
    48 | D        | Noticed a destroyer
    48 | D        | Noticed a destroyer
    48 | D        | Killed a meat berserker
    48 | D        | Reached XP level 27. HP: 200/273 MP: 12/53
    49 | D        | Noticed a meat berserker
    49 | D        | Noticed a meat berserker
    50 | D        | Noticed an accursed
    50 | D        | Noticed a meat berserker
    50 | D        | Noticed a large bag of meat
    50 | D        | Killed a bag of meat
    50 | D        | Killed a destroyer
    50 | D        | Killed a destroyer
    51 | D        | Noticed an accursed
    51 | D        | Killed a destroyer
    51 | D        | Killed a bag of meat
    51 | D        | Killed a nine-headed meat hydra
    52 | D        | Noticed a bag of meat
    52 | D        | Killed a bag of meat
    52 | D        | Killed a meat berserker
    53 | D        | Noticed a meat berserker
    53 | D        | Killed a sculptor of flesh
    53 | D        | Killed a meat berserker
    54 | D        | Killed a bag of meat
    54 | D        | Killed a destroyer
    54 | D        | Killed a meat berserker
    54 | D        | Killed a meat berserker
    55 | D        | Noticed a bag of meat
    55 | D        | Killed a bag of meat
    55 | D        | Killed a destroyer
    56 | D        | Killed a meat berserker
    57 | D        | Noticed a tyrant
    57 | D        | Noticed a large bag of meat
    59 | D        | Noticed an accursed
    59 | D        | Noticed a meat berserker
    59 | D        | Noticed a bag of meat
    59 | D        | Noticed a sculptor of flesh
    60 | D        | Noticed a tyrant
    60 | D        | Killed a large bag of meat
    60 | D        | Killed an accursed
    60 | D        | Killed a bag of meat
    61 | D        | Killed a bag of meat
    61 | D        | Killed a bag of meat
    62 | D        | Noticed a meat beast
    62 | D        | Killed a large bag of meat
    62 | D        | Killed a meat berserker
    62 | D        | Killed a bag of meat
    64 | D        | Noticed a meat berserker
    64 | D        | Killed a bag of meat
    64 | D        | Killed a bag of meat
    65 | D        | Noticed a meat berserker
    65 | D        | Noticed a bag of meat
    65 | D        | Killed a bag of meat
    65 | D        | Killed a meat berserker
    65 | D        | Killed a bag of meat
    66 | D        | Noticed a meat berserker
    66 | D        | Noticed a meat beast
    66 | D        | Noticed a bag of meat
    67 | D        | Noticed a meat berserker
    67 | D        | Noticed a bag of meat
    67 | D        | Noticed a bag of meat
    67 | D        | Noticed a bag of meat
    67 | D        | Noticed a bag of meat
    67 | D        | Killed a meat beast
    68 | D        | Killed a large bag of meat
    68 | D        | Killed a bag of meat
    69 | D        | Noticed a bag of meat
    69 | D        | Noticed a dread
    69 | D        | Killed a meat beast
    70 | D        | Killed a meat berserker
    71 | D        | Noticed a bag of meat
    71 | D        | Noticed a meat beast
    72 | D        | Noticed a dread
    72 | D        | Killed a meat berserker
    73 | D        | Killed a sculptor of flesh
    73 | D        | Killed a bag of meat
    73 | D        | Killed a tyrant
    73 | D        | Killed an accursed
    74 | D        | Killed a bag of meat
    75 | D        | Noticed a bag of meat
    75 | D        | Killed a meat berserker
    75 | D        | Killed a meat beast
    75 | D        | Killed an accursed
    76 | D        | Noticed a destroyer
    76 | D        | Noticed a destroyer
    77 | D        | Noticed a dread
    79 | D        | Noticed a large bag of meat
    79 | D        | Killed a bag of meat
    79 | D        | Killed a bag of meat
    81 | D        | Killed a bag of meat
    81 | D        | Killed a destroyer
    81 | D        | Killed a bag of meat
    82 | D        | Killed a tyrant
    82 | D        | Killed a dread
    83 | D        | Killed a meat berserker
    84 | D        | Noticed a meat beast
    84 | D        | Killed a destroyer
    84 | D        | Killed a bag of meat
    88 | D        | Killed a bag of meat
    88 | D        | Killed a bag of meat
    88 | D        | Killed a wretched soul
    89 | D        | Noticed a wretched soul
    90 | D        | Noticed a destroyer
    90 | D        | Killed a dread
    90 | D        | Killed a dread
    90 | D        | Killed a meat beast
    91 | D        | Noticed an observer
    91 | D        | Killed a wretched soul
    92 | D        | Killed a large bag of meat
    94 | D        | Noticed a bag of meat
    95 | D        | Killed an observer
    96 | D        | Noticed a bag of meat
    97 | D        | Noticed an observer
    99 | D        | Learned a level 2 spell: Blink
    99 | D        | Killed a destroyer
   100 | D        | Killed a bag of meat
   101 | D        | Noticed a meat berserker
   101 | D        | Noticed an observer
   102 | D        | Noticed a meat beast
   102 | D        | Noticed an observer
   102 | D        | Killed an observer
   102 | D        | Killed a bag of meat
   103 | D        | Noticed a wretched soul
   103 | D        | Noticed a large bag of meat
   104 | D        | Noticed a dread
   104 | D        | Killed a meat berserker
   104 | D        | Killed a meat beast
   105 | D        | Noticed a wretched soul
   106 | D        | Killed an observer
   107 | D        | Noticed a bag of meat
   107 | D        | Noticed a dread
   107 | D        | Killed a dread
   107 | D        | Killed an observer
   110 | D        | Killed a wretched soul
   115 | D        | Noticed a bag of meat
   116 | D        | Noticed a bag of meat
   117 | D        | Noticed a meat berserker
   119 | D        | Noticed a bag of meat
   123 | D        | Killed a bag of meat
   125 | D        | Noticed a meat berserker
   125 | D        | Noticed an accursed
   126 | D        | Noticed a meat berserker
   126 | D        | Killed a meat berserker
   127 | D        | Noticed The Defiler
   128 | D        | Killed a large bag of meat
   129 | D        | Noticed a bag of meat
   129 | D        | Noticed a bag of meat
   129 | D        | Noticed a wretched soul
   130 | D        | Noticed a bag of meat
   130 | D        | Killed a meat berserker
   131 | D        | Noticed a meat berserker
   131 | D        | Killed a meat berserker
   132 | D        | Noticed a bag of meat
   132 | D        | Noticed a bag of meat
   132 | D        | Noticed a bag of meat
   132 | D        | Noticed a meat beast
   132 | D        | Noticed a bag of meat
   132 | D        | Noticed a large bag of meat
   132 | D        | Noticed a large bag of meat
   132 | D        | Noticed an accursed
   132 | D        | Noticed a meat beast
   132 | D        | Noticed a dread
   133 | D        | Noticed a meat beast
   133 | D        | Noticed a fleshlord
   133 | D        | Killed a meat beast
   133 | D        | Killed The Defiler
   133 | D        | Killed a bag of meat
   133 | D        | Killed a wretched soul
   133 | D        | Killed a meat berserker
   134 | D        | Noticed a bag of meat
   134 | D        | Killed a dread
   134 | D        | Killed a bag of meat
   135 | D        | Noticed a tyrant
   135 | D        | Killed a meat beast
   135 | D        | Killed a bag of meat
   135 | D        | Killed a bag of meat
   135 | D        | Killed a bag of meat
   136 | D        | Noticed The Captor
   136 | D        | Killed a large bag of meat
   136 | D        | Killed a bag of meat
   136 | D        | Killed a bag of meat
   137 | D        | Noticed a bag of meat
   137 | D        | Killed a meat beast
   139 | D        | Noticed a meat berserker
   139 | D        | Killed a large bag of meat
   139 | D        | Killed a bag of meat
   141 | D        | Killed a wretched soul
   142 | D        | Killed a bag of meat
   143 | D        | Noticed a bag of meat
   144 | D        | Noticed a bag of meat
   145 | D        | Noticed a sculptor of flesh
   145 | D        | Noticed an observer
   145 | D        | Killed a meat berserker
   146 | D        | Killed a bag of meat
   146 | D        | Killed a fleshlord
   147 | D        | Noticed an observer
   147 | D        | Killed an accursed
   147 | D        | Killed The Captor
   147 | D        | Killed a bag of meat
   148 | D        | Noticed a meat beast
   148 | D        | Noticed an eight-headed meat hydra
   148 | D        | Noticed a wretched soul
   148 | D        | Noticed an observer
   148 | D        | Noticed a fleshlord
   148 | D        | Killed from afar by a wretched soul

Vault maps used:
D:        meatsprint

Action                   |  1- 3 |  4- 6 |  7- 9 | 10-12 | 13-15 | 16-18 | 19-21 | 22-24 | 25-27 || total
-------------------------+-------+-------+-------+-------+-------+-------+-------+-------+-------++-------
Melee: Executioner's axe |     1 |       |       |     1 |     3 |     7 |     7 |     4 |    61 ||    84
 Cast: Blink             |       |       |       |       |       |       |       |       |     5 ||     5
       Apportation       |       |       |       |       |       |       |       |       |     1 ||     1
